 Dungeon Crawl Stone Soup version 0.21.0-3-g78d12a8 (webtiles) character file.

663 MTVSty1e the Cleaver (level 7, -1/56 HPs)
             Began as a Minotaur Gladiator on Jan 15, 2018.
             Slain by a wight
             ... wielding a cursed +5 dire flail
              (13 damage)
             ... on level 6 of the Dungeon.
             The game lasted 00:04:10 (3379 turns).

MTVSty1e the Cleaver (Minotaur Gladiator)           Turns: 3379, Time: 00:04:11

Health: -1/56      AC:  6    Str: 23    XL:     7   Next: 31%
Magic:  6/6        EV: 12    Int:  5    God:
Gold:   254        SH:  0    Dex: 12    Spells: 6/6 levels left

rFire    . . .     SeeInvis .   a - +0 war axe
rCold    . . .     Gourm    .   (no shield)
rNeg     . . .     Faith    .   b - +0 leather armour
rPois    .         Spirit   .   c - +1 hat
rElec    .         Reflect  .   x - +0 cloak (curse)
rCorr    .         Harm     .   r - +0 pair of gloves
MR       .....                  (no boots)
Stlth    +.........             (no amulet)
HPRegen  0.18/turn              j - +3 ring of strength
MPRegen  0.10/turn              (no ring)

@: flying, drained
A: retaliatory headbutt, horns 2
a: no special abilities


You were on level 6 of the Dungeon.
You were not hungry.

You visited 1 branch of the dungeon, and saw 5 of its levels.

You collected 254 gold pieces.

Inventory:

Hand Weapons
 a - a +0 war axe (weapon)
Missiles
 d - 4 throwing nets (quivered)
Armour
 b - a +0 leather armour (worn)
 c - a +1 hat (worn)
 r - a +0 pair of gloves (worn)
 x - a cursed +0 cloak (worn)
Jewellery
 j - a +3 ring of strength (left hand)
 m - an uncursed ring of flight
 n - an uncursed ring of ice
 q - an uncursed amulet of faith
Wands
 o - a wand of digging (13)
 p - a wand of random effects (57)
Scrolls
 i - 3 scrolls of identify
 k - a scroll of teleportation {unknown}
 l - a scroll of enchant armour
 s - a scroll of remove curse {unknown}
 u - a scroll of amnesia {unknown}
 v - a scroll of noise {unknown}
Potions
 e - a potion of flight
 g - a potion of degeneration
 h - a potion of berserk rage {unknown}
 t - a potion of might {unknown}
 w - a potion of curing {unknown}
 z - a potion of resistance {unknown}
Books
 y - a book of Flames

   Spells                             Type                      Level
   a - Flame Tongue                   Conjuration/Fire             1
   b - Throw Flame                    Conjuration/Fire             2
   c - Conjure Flame                  Conjuration/Fire             3
   d - Inner Flame                    Hexes/Fire                   3
   e - Sticky Flame                   Conjuration/Fire             4
   f - Fireball                       Conjuration/Fire             5
Comestibles
 f - 6 rations


   Skills:
 - Level 2.4(1.6) Fighting
 + Level 10.2(9.2) Axes
 - Level 2.0(1.2) Throwing
 - Level 3.2(2.4) Dodging


You had 6 spell levels left.
You didn't know any spells.

Dungeon Overview and Level Annotations

Branches:
Dungeon (6/15)             Temple (0/1) D:6

Altars:
Zin

Shops:
D:3 *


Innate Abilities, Weirdness & Mutations

You reflexively headbutt those who attack you in melee.
You have a pair of horns on your head.


Message History

The wight hits you with an enchanted dire flail!
You feel drained.
The adder zombie bites you but does no damage.
You slash the adder zombie!
You destroy the adder zombie!
You hit the wight.
The wight hits you from afar with an enchanted spear.
The wight barely misses you.
As you read the scroll labeled ROBBEESAUZ, it crumbles to dust.
It is a scroll of identify.
g - a potion of degeneration The wight hits you from afar with an enchanted spear.
* * * LOW HITPOINT WARNING * * *
The wight hits you with an enchanted dire flail.
* * * LOW HITPOINT WARNING * * *
As you read the scroll labeled QATOMU OLUSY, it crumbles to dust.
It is a scroll of enchant armour.
Your +0 hat glows green for a moment.
The wight hits you with an enchanted dire flail!
You die...

.....##.# #.#
........# #.#
..)..##.# #.#
.#.####.# ###.# .#.#
#.# #...# .#.#
#.#######.#######
.#.#
#.#.(...........####
.#..
..#.#####.###......#
.... .#
#.....@zcz.....# ..
#.##...##z.....# #.#
#.... ......#
#...........#
####........#
...#....# ...#z...#
####....#


You could see a centaur and 3 wights.

Vanquished Creatures
  Duvessa (D:5)
  A phantom (D:5)
  An ogre (D:5)
  Dowan (D:5)
  A scorpion (D:6)
  A crimson imp (D:5)
  A bullfrog zombie (D:5)
  An orc priest (D:5)
  Crazy Yiuf (D:5)
  A worker ant (D:6)
  A hound skeleton (D:5)
  2 adders (D:6)
  A gnoll (D:1)
  A shadow imp (D:5)
  An ooze (D:2)
  An adder zombie (D:6)
  An adder skeleton (D:5)
  2 dart slugs (D:1)
  The ghost of letownia2 the Magician, a weakling VSWz (D:3)
  2 leopard geckos
  2 orcs (D:5)
  4 giant cockroaches
  15 goblins
  10 hobgoblins
  3 jackals (D:6)
  2 quokkas (D:5)
  8 bats
  5 frilled lizards
  A jackal zombie (D:6)
  2 kobolds
  2 rats (D:1)
77 creatures vanquished.

Notes
Turn   | Place    | Note
-------+----------+-------------------------------------------
     0 | D:1      | MTVSty1e the Minotaur Gladiator began the quest for the Orb.
     0 | D:1      | Reached XP level 1. HP: 18/18 MP: 0/0
    15 | D:1      | Reached skill level 4 in Axes
   316 | D:1      | Reached XP level 2. HP: 22/25 MP: 1/1
   567 | D:1      | Reached skill level 5 in Axes
   567 | D:1      | Reached XP level 3. HP: 11/30 MP: 2/2
  1411 | D:2      | Reached XP level 4. HP: 37/37 MP: 3/3
  1509 | D:3      | Noticed letownia2's ghost (weakling VSWz)
  1512 | D:3      | Killed letownia2's ghost
  1512 | D:3      | Reached skill level 6 in Axes
  1604 | D:3      | Found a glowing silver altar of Zin.
  1607 | D:3      | Found Zin's Purification Station.
  1736 | D:3      | You fall through a shaft for 3 floors!
  1763 | D:6      | Reached skill level 7 in Axes
  1763 | D:6      | Reached XP level 5. HP: 41/42 MP: 4/4
  1824 | D:5      | Entered Level 5 of the Dungeon
  1867 | D:5      | Noticed Dowan
  1868 | D:5      | Noticed Duvessa
  1887 | D:5      | Killed Duvessa
  1887 | D:5      | Reached skill level 8 in Axes
  1897 | D:5      | Killed Dowan
  1897 | D:5      | Reached XP level 6. HP: 25/50 MP: 5/5
  2158 | D:5      | Reached skill level 9 in Axes
  2220 | D:5      | Reached XP level 7. HP: 47/56 MP: 6/6
  2536 | D:5      | Found a runed door.
  2640 | D:5      | Reached skill level 10 in Axes
  3079 | D:5      | Noticed Crazy Yiuf
  3081 | D:5      | Killed Crazy Yiuf
  3227 | D:6      | Found a staircase to the Ecumenical Temple.
  3379 | D:6      | Slain by a wight

Skill      XL: |  1  2  3  4  5  6  7 |
---------------+----------------------+-----
Axes           | 4 5 7 8 9 10 | 10.2
Fighting       | |  2.4
Throwing       | |  2.0
Dodging        | |  3.2

Action                   |  1- 3 |  4- 6 |  7- 9 || total
-------------------------+-------+-------+-------++-------
Melee: War axe           |    69 |    67 |    30 ||   166
       Headbutt          |     4 |     9 |     8 ||    21
  Use: Scroll            |       |       |     2 ||     2
       Potion            |       |       |     1 ||     1
  Eat: Chunk             |     2 |     1 |       ||     3
       Ration            |       |     1 |     1 ||     2
Armor: Leather armour    |    13 |     6 |     4 ||    23
Dodge: Dodged            |    54 |    50 |    18 ||   122
